 Dungeon Crawl Stone Soup version 0.22-a0-240-g539252a (webtiles) character file.

0 Amnesiac the Charlatan (level 1, -2/9 HPs)
             Began as a Spriggan Artificer on Feb 21, 2018.
             Killed from afar by an orc wizard (11 damage)
             ... with a puff of flame
             ... on level 4 of the Dungeon.
             The game lasted 00:00:32 (120 turns).

Amnesiac the Charlatan (Spriggan Artificer)          Turns: 120, Time: 00:00:33

Health: -2/9       AC:  2    Str:  8    XL:     1   Next: 8%
Magic:  4/4        EV: 18    Int: 12    God:
Gold:   9          SH:  0    Dex: 16    Spells: 0/0 levels left

rFire    . . .     SeeInvis +   a - +0 short sword
rCold    . . .     Gourm    .   (shield restricted)
rNeg     . . .     Faith    +   b - +0 robe
rPois    .         Spirit   .   (helmet restricted)
rElec    .         Reflect  .   (no cloak)
rCorr    .         Harm     .   (gloves unavailable)
MR       .....                  (boots unavailable)
Stlth    ++........             i - amulet of faith
HPRegen  0.03/turn              (no ring)
MPRegen  0.09/turn              (no ring)

@: very quick
A: very small, unfitting armour, see invisible, herbivore, speed 3, slow
metabolism 2
a: no special abilities


You were on level 4 of the Dungeon.
You were not hungry.

You visited 1 branch of the dungeon, and saw 4 of its levels.

You collected 9 gold pieces.

Inventory:

Hand Weapons
 a - a +0 short sword (weapon)
Armour
 b - a +0 robe (worn)
Jewellery
 i - an amulet of faith (around neck)
Wands
 c - a wand of flame (15)
 d - a wand of enslavement (15)
 e - a wand of random effects (14)
Scrolls
 g - a scroll of amnesia {!r, unknown}
 h - a scroll of remove curse {!r, unknown}
 j - a scroll of teleportation {!r, unknown}
Comestibles
 f - a ration


   Skills:
 + Level 0.7 Fighting
 + Level 1.1 Short Blades
 + Level 3.0 Dodging
 + Level 1.5 Stealth
 * Level 4.0 Evocations


You couldn't memorise any spells.
You didn't know any spells.

Dungeon Overview and Level Annotations

Branches:
Dungeon (4/15)
 Temple: D:4-7

Altars:


Innate Abilities, Weirdness & Mutations

You are very small and have problems with some larger weapons.
You are too small for most types of armour.
You have supernaturally acute eyesight. (SInv)
You are a herbivore.
You cover ground extremely quickly.
You need consume almost no food.


Message History

The bat hits you but does no damage. The bat misses you.
The bat closely misses you.
You closely miss the bat. The bat closely misses you. x2
The bat barely misses you. The bat hits you but does no damage.
The bat closely misses you. The bat barely misses you.
The bat closely misses you. The bat completely misses you.
The bat closely misses you.
There is a stone staircase leading down here.
The bat closely misses you. The bat hits you but does no damage.
You climb downwards.
Found a scroll labeled YDUEMA LUOFFO.
Found a stone staircase leading up and a stone staircase leading down.
There is a stone staircase leading up here.
The bat completely misses you.
A rat comes into view.
The bat completely misses you. The bat hits you.
You see here a scroll labeled YDUEMA LUOFFO {!r}.
g - a scroll labeled YDUEMA LUOFFO {!r} The bat barely misses you.
The bat closely misses you.
There is a stone staircase leading down here.
The bat misses you. The bat hits you but does no damage.
The rat barely misses you.
You climb downwards.
There is a stone staircase leading up here.
You hit the rat.
You kill the rat!
You see here a rat corpse.
You start resting.
HP restored.
You open the door.
There is an open door here.
Found a leather armour.
Found a short sword.
Found a dagger.
Found a ring mail.
Found a stone staircase leading down.
h - a scroll labeled GOYMAC VALOBB {!r}
i - a lumpy soapstone amulet
j - a scroll labeled TYMUIT BUNT {!r}
There is a stone staircase leading down here.
Put on which piece of jewellery? (? for menu, Esc to quit)
You feel a strange surge of divine interest.
i - an amulet of faith (around neck) Put on which piece of jewellery? (? for menu, Esc to quit)
Okay, then.
You climb downwards. 2 orc wizards come into view.
An orc wizard is wielding a dagger of speed.
The orc wizard shouts!
Found a robe.
There is a stone staircase leading up here.
Evoke which item? (* to show all) (? for menu, Esc to quit)
Aiming: Random Effects
Press: ? - help, Shift-Dir - straight line, f - orc wizard
Aim: an orc wizard, wielding a dagger of speed and wearing a robe (hasn't noticed you)
The puff of frost hits the orc wizard.
The orc wizard is moderately wounded.
The orc wizard shouts!
You hear a shout!
You hear a bark!
The orc wizard casts a spell at you. The puff of flame hits you!
Ouch! That really hurt!
You die...

#. . # #. ##.
####.###..
.........####
..#.........#
#...........#
#.@....#
#......#
#####..ooo
##..


o You could see 2 orc wizards and 2 orcs.

Vanquished Creatures
  A rat (D:3)
1 creature vanquished.

Notes
Turn   | Place    | Note
-------+----------+-------------------------------------------
     0 | D:1      | Amnesiac the Spriggan Artificer began the quest for the Orb.
     0 | D:1      | Reached XP level 1. HP: 9/9 MP: 4/4
   119 | D:4      | Noticed an orc wizard
   119 | D:4      | Noticed an orc wizard
   120 | D:4      | Killed from afar by an orc wizard

Vault maps used:
D:1:      dpeg_arrival_yet_another_circle, nrook_loot_triangle,
          lemuel_flame_loot_1
D:2:      moated_statue
D:3:      okawaru_gym_becter, corexii_corridor_pit
D:4:      minmay_quantized, uniq_duvessa

Action                   || total
-------------------------++-------
Melee: Short sword       ||     5
Evoke: Wand              ||     1
Armor: Robe              ||     6
Dodge: Dodged            ||    22

Table legend:
 A = Spawn XP
 B = Non-spawn XP
 C = Spawn XP percentage of total XP
 D = Spawn monster count
 E = Non-spawn monster count
 F = Spawn count percentage of total count
 G = Total turns spent on level
                    A         B        C        D         E        F      G
               +---------+---------+-------+---------+---------+-------+---------
         Total |       0 |       1 |   0.0 |       0 |       1 |   0.0 |   120
               +---------+---------+-------+---------+---------+-------+---------
           D:3 |       0 |       1 |   0.0 |       0 |       1 |   0.0 |    81
               +---------+---------+-------+---------+---------+-------+---------
